 Dungeon Crawl Stone Soup version 0.30.0-3-ga4e48a9924 (webtiles) character file.

Game seed: 5274322836767310597

531 zazu2006 the Thrower (level 7, 0/84 HPs)
             Began as a Gnoll Wanderer on May 8, 2023.
             Slain by a sleepcap (5 damage)
             ... on level 5 of the Dungeon.
             The game lasted 00:11:35 (4386 turns).

zazu2006 the Thrower (Gnoll Wanderer)               Turns: 4386, Time: 00:11:36

Health: 0/84       AC: 23    Str: 10 (11) XL:     7   Next: 24%
Magic:  0/24       EV:  2    Int: 17 (20) God:
Gold:   261        SH:  5    Dex:  8 (11) Spells: 14/17 levels left

rFire   . . .        y - +1 whip (venom)
rCold   . . .        (no shield)
rNeg    . . .        e - melded +0 robe
rPois   +            (helmet currently unavailable)
rElec   .            (cloak currently unavailable)
rCorr   .            p - melded +0 pair of gloves
SInv    .            C - melded +0 pair of boots
Will    .....        r - amulet of reflection
Stlth   ++           i - ring of magical power
HPRegen 0.34/turn    A - +6 ring of intelligence
MPRegen 0.19/turn

%: reflection
@: tree-form, very slightly contaminated, hasted, very quick
A: stationary, stasis, torment immunity, boosted hp, (fangs 1), strong nose,
distributed training
a: no special abilities


You were on level 5 of the Dungeon.
You were a tree.
You visited 1 branch of the dungeon, and saw 5 of its levels.

You collected 261 gold pieces.

Inventory:

Hand Weapons
 t - a +0 long sword
 y - a +1 whip of venom (weapon)
 z - a +2 whip of electrocution
Missiles
 b - 5 poisoned darts (quivered)
 D - a throwing net
Armour
 e - a +0 robe (melded)
 p - a +0 pair of gloves (melded)
 w - a +0 leather armour
 C - a +0 pair of boots (melded)
Jewellery
 i - a ring of magical power (left branch)
 j - an amulet of faith
 r - an amulet of reflection (around neck)
 A - a +6 ring of intelligence (right branch)
Wands
 o - a wand of mindburst (14)
Scrolls
 a - a scroll of amnesia {unknown}
 d - a scroll of silence
 g - a scroll of noise {unknown}
 h - a scroll of identify {unknown}
 m - 2 scrolls of teleportation {unknown}
 s - 2 scrolls of magic mapping {unknown}
 u - a scroll of acquirement {unknown}
 v - a scroll of poison {unknown}
 B - a scroll of vulnerability {unknown}
Potions
 c - 2 potions of attraction
 f - a potion of lignification
 k - 2 potions of haste
 n - a potion of degeneration


   Skills:
 + Level 5.2 Fighting
 + Level 2.4 Short Blades
 + Level 2.4 Long Blades
 + Level 2.4 Axes
 + Level 2.4 Maces & Flails
 + Level 2.4 Polearms
 + Level 2.4 Staves
 + Level 2.4 Ranged Weapons
 + Level 8.9 Throwing
 + Level 2.4 Armour
 + Level 3.6 Dodging
 + Level 2.4 Stealth
 + Level 2.4 Shields
 + Level 2.4 Unarmed Combat
 + Level 5.6 Spellcasting
 + Level 2.0 Conjurations
 + Level 2.0 Hexes
 + Level 2.0 Summonings
 + Level 2.0 Necromancy
 + Level 2.0 Translocations
 + Level 2.0 Transmutations
 + Level 2.0 Fire Magic
 + Level 2.0 Ice Magic
 + Level 2.0 Air Magic
 + Level 2.0 Earth Magic
 + Level 2.0 Poison Magic
 + Level 2.7 Invocations
 + Level 2.4 Evocations


You had 14 spell levels left.
You knew the following spells:

 Your Spells              Type           Power      Damage    Failure   Level
a - Dazzling Flash        Conj/Hex       22%        N/A       17%         3

Your spell library contained the following spells:

 Spells                   Type           Power      Damage    Failure   Level
 Apportation              Tloc           22%        N/A       6%          1
 Necrotise                Necr           44%        1d6       6%          1
 Slow                     Hex            44%        N/A       6%          1
 Call Imp                 Summ           22%        N/A       9%          2
 Confusing Touch          Hex            11%        N/A       17%         3
 Ozocubu's Armour         Ice            11%        N/A       17%         3
 Tukima's Dance           Hex            11%        N/A       17%         3
 Vampiric Draining        Necr           11%        2d6       17%         3
 Agony                    Necr           11%        N/A       85%         5
 Silence                  Hex/Air        5%         N/A       85%         5
 Simulacrum               Ice/Necr       5%         N/A       100%        6
 Ozocubu's Refrigeration  Ice            5%         4d8       100%        7
 Polar Vortex             Ice            5%         N/A       100%        9


Dungeon Overview and Level Annotations

Branches:
Dungeon (5/15)
 Temple: D:4-7

Altars:
Cheibriados
Elyvilon
Fedhas
Gozag
Nemelex Xobeh
Okawaru
Sif Muna
Trog
Uskayaw
Wu Jian
Yredelemnul
The Shining One


Innate Abilities, Weirdness & Mutations

You are a tree.
Your roots penetrate the ground, keeping you stationary.
You cannot be teleported.
You are immune to unholy pain and torment.
Your maximum health is greatly increased.
Your equipment is partially melded.
((You have very sharp teeth.))
Your uncanny sense of smell can sniff out nearby items.
Your experience applies equally to all skills.


Message History

The sleepcap is lightly damaged.
The jackal barely misses you.
The jackal bites you but does no damage.
Unknown command.
Unknown command.
You hit the sleepcap but do no damage.
The sleepcap is lightly damaged.
The iguana bites you but does no damage. x2
The gnoll sergeant completely misses you.
The sleepcap releases spores at you.
* * * LOW HITPOINT WARNING * * *
The gnoll hits you but does no damage.
The jackal bites you but does no damage.
Unknown command.
You hit the sleepcap but do no damage.
The sleepcap is lightly damaged.
The jackal bites you but does no damage.
Unknown command.
Unknown command.
Casting: Dazzling Flash (dangerous; 17% risk of failure)
Confirm with . or Enter, or press ? or * to list all spells.
Casting: Dazzling Flash (dangerous; 17% risk of failure)
Press: ? - help, Dir - look around, f - activate The iguana is dazzled.
The jackal is dazzled.
The gnoll sergeant is dazzled.
You block the jackal's attack.
The jackal bites you but does no damage.
The gnoll sergeant hits you from afar with a +0 trident.
* * * LOW HITPOINT WARNING * * *
The sleepcap releases spores at you but does no damage.
The iguana bites you but does no damage.
The gnoll hits you but does no damage.
Unknown command.
Unknown command.
Okay, then.
You hit the gnoll.
The gnoll is poisoned.
The gnoll is heavily wounded.
The iguana is no longer blind.
The jackal bites you but does no damage. x2
The sleepcap releases spores at you.
You die...

.....###.....###
....####......#
.....#........###
....)...........#
................# ##
...............#####..#
.....................Y#
...............gh.##.#
.....#'''#...#..♣f#
....##...##..##hll....#
...g##h(. #.##....g...#
..§.##. #.#...........
...§.## ..#.........#.
.#....# .. .........##
###...... ...........
....#..?...............∆
.##.###.....


You could see a sleepcap (very poisoned), a gnoll sergeant (blind), 2 iguanas, a
gnoll (very poisoned) and 2 jackals.

Vanquished Creatures
  A phantom (D:5)
  2 scorpions (D:5)
  2 hounds (D:5)
  A jelly (D:4)
  3 iguanas
  4 gnolls (D:5)
  4 adders
  A white imp (D:5)
  A worm (D:2)
  5 dart slugs
  8 orcs
  6 endoplasms
  3 giant cockroaches
  5 goblins
  8 hobgoblins
  A jackal (D:5)
  3 quokkas
  7 ball pythons
  8 bats
  5 frilled lizards
  7 kobolds
  4 rats
  A butterfly (D:5)
90 creatures vanquished.

Vanquished Creatures (others)
  A plant (D:1)
1 creature vanquished.

Grand Total: 91 creatures vanquished

Notes
Turn   | Place    | Note
-------+----------+-------------------------------------------
     0 | D:1      | zazu2006 the Gnoll Wanderer began the quest for the Orb.
     0 | D:1      | zazu2006 set off with the following items: a +0 dagger, 8
                  | poisoned darts, a potion of attraction, a scroll of
                  | silence, a +0 robe; and the following spells available to
                  | memorise: Apportation, Necrotise, Call Imp, Tukima's Dance.
     0 | D:1      | Reached XP level 1. HP: 20/20 MP: 6/6
   250 | D:1      | Reached XP level 2. HP: 24/26 MP: 7/7
   650 | D:1      | Reached skill level 5 in Spellcasting
   650 | D:1      | Reached XP level 3. HP: 31/31 MP: 9/9
  1016 | D:2      | Reached skill level 1 in Invocations
  1191 | D:2      | Identified the +5 dagger "Dihoewyne" {speed, rElec rN+
                  | Will++}
  1210 | D:2      | Reached skill level 1 in Short Blades
  1210 | D:2      | Reached skill level 1 in Long Blades
  1210 | D:2      | Reached skill level 1 in Axes
  1210 | D:2      | Reached skill level 1 in Maces & Flails
  1210 | D:2      | Reached skill level 1 in Polearms
  1210 | D:2      | Reached skill level 1 in Staves
  1210 | D:2      | Reached skill level 1 in Ranged Weapons
  1210 | D:2      | Reached skill level 1 in Armour
  1210 | D:2      | Reached skill level 1 in Stealth
  1210 | D:2      | Reached skill level 1 in Shields
  1210 | D:2      | Reached skill level 1 in Unarmed Combat
  1210 | D:2      | Reached skill level 1 in Evocations
  1217 | D:2      | Found a shimmering blue altar of Sif Muna.
  1503 | D:2      | Reached XP level 4. HP: 38/38 MP: 11/11
  1933 | D:3      | Learned a level 3 spell: Dazzling Flash
  2768 | D:3      | Reached skill level 1 in Conjurations
  2768 | D:3      | Reached skill level 1 in Hexes
  2768 | D:3      | Reached skill level 1 in Summonings
  2768 | D:3      | Reached skill level 1 in Necromancy
  2768 | D:3      | Reached skill level 1 in Translocations
  2768 | D:3      | Reached skill level 1 in Transmutations
  2768 | D:3      | Reached skill level 1 in Fire Magic
  2768 | D:3      | Reached skill level 1 in Ice Magic
  2768 | D:3      | Reached skill level 1 in Air Magic
  2768 | D:3      | Reached skill level 1 in Earth Magic
  2768 | D:3      | Reached skill level 1 in Poison Magic
  3127 | D:4      | Found a snail-covered altar of Cheibriados.
  3172 | D:4      | Found a blossoming altar of Fedhas.
  3174 | D:4      | Found a basalt altar of Yredelemnul.
  3174 | D:4      | Found a glowing golden altar of the Shining One.
  3175 | D:4      | Found a shimmering blue altar of Sif Muna.
  3176 | D:4      | Found a white marble altar of Elyvilon.
  3176 | D:4      | Found a bloodstained altar of Trog.
  3176 | D:4      | Found a sparkling altar of Nemelex Xobeh.
  3177 | D:4      | Found an ornate altar of the Wu Jian Council.
  3177 | D:4      | Found a hide-covered altar of Uskayaw.
  3178 | D:4      | Found an opulent altar of Gozag.
  3184 | D:4      | Reached XP level 5. HP: 30/43 MP: 12/12
  3647 | D:4      | Found an iron altar of Okawaru.
  3982 | D:5      | Entered Level 5 of the Dungeon
  4107 | D:5      | Reached XP level 6. HP: 43/50 MP: 14/14
  4129 | D:5      | Reached skill level 5 in Fighting
  4342 | D:5      | Reached XP level 7. HP: 27/56 MP: 15/15
  4348 | D:5      | HP: 2/56 [gnoll/+0 club (5)]
  4385 | D:5      | HP: 4/84 [gnoll sergeant/+0 trident (4)]
  4386 | D:5      | Slain by a sleepcap

Illustrated notes

Levels and vault maps discovered:
D:1:      onia_arrival_mini_maze_b, layout_loops_ring
D:2:      layout_loops_corners, basic_altar
D:3:      minmay_octagon_keep, layout_loops_ring
D:4:      layout_loops_ring, mainiacjoe_overflow_concentric_impassable,
          nicolae_overflows_in_rows, mainiacjoe_overflow_paths
D:5:      layout_cave_pools, mainiacjoe_overflow_surrounded_room,
          xom_butterflies, serial_gnoll_camp, gnoll_camp_mini_doghouse,
          gnoll_camp_mini_shop, gnoll_camp_huts_basic, gnoll_camp_mini_hut,
          gnoll_camp_mini_house, uniq_pikel

Skill      XL: |  1  2  3  4  5  6 |
---------------+-------------------+-----
Spellcasting   | 5 |  5.6
Invocations    | 1 2 |  2.7
Short Blades   | 1 2 |  2.4
Long Blades    | 1 2 |  2.4
Axes           | 1 2 |  2.4
Maces & Flails | 1 2 |  2.4
Polearms       | 1 2 |  2.4
Staves         | 1 2 |  2.4
Ranged Weapons | 1 2 |  2.4
Armour         | 1 2 |  2.4
Stealth        | 1 2 |  2.4
Shields        | 1 2 |  2.4
Unarmed Combat | 1 2 |  2.4
Evocations     | 1 2 |  2.4
Conjurations   | 1 2 |  2.0
Hexes          | 1 2 |  2.0
Summonings     | 1 2 |  2.0
Necromancy     | 1 2 |  2.0
Translocations | 1 2 |  2.0
Transmutations | 1 2 |  2.0
Fire Magic     | 1 2 |  2.0
Ice Magic      | 1 2 |  2.0
Air Magic      | 1 2 |  2.0
Earth Magic    | 1 2 |  2.0
Poison Magic   | 1 2 |  2.0
Dodging        | 3 |  3.6
Fighting       | 5 |  5.2
Throwing       | |  8.9

Action                     |  1- 3 |  4- 6 |  7- 9 || total
---------------------------+-------+-------+-------++-------
  Melee: Dagger            |    66 |    57 |       ||   123
         Bite              |     6 |    20 |       ||    26
         Whip              |       |   102 |    20 ||   122
  Throw: Dart              |    57 |    44 |       ||   101
         Stone             |     2 |       |       ||     2
   Cast: Dazzling Flash    |       |     1 |     8 ||     9
    Use: Potion            |       |       |     7 ||     7
   Stab: Sleeping          |     1 |       |       ||     1
         Invisible         |       |       |     1 ||     1
 Armour: Robe              |    14 |    32 |     3 ||    49
         Skin              |       |       |   105 ||   105
  Dodge: Dodged            |    32 |    71 |    38 ||   141
  Block: Other             |       |    21 |    30 ||    51
